 Dungeon Crawl Stone Soup version 0.28.0-1-gb440e238dd (webtiles) character file.

Game seed: 3659407774429099041

11 spaghetti the Slasher (level 2, 28/28 HPs)
             Began as a Deep Dwarf Monk on Feb 20, 2022.
             Quit the game on level 3 of the Dungeon.
             The game lasted 00:00:52 (409 turns).

spaghetti the Slasher (Deep Dwarf Monk)              Turns: 409, Time: 00:00:52

Health: 28/28      AC:  2    Str: 14    XL:     2   Next: 13%
Magic:  1/1        EV: 13    Int: 10    God:
Gold:   2          SH:  0    Dex: 15    Spells: 1/1 levels left

rFire   . . .      SeeInvis .   a - +0 falchion
rCold   . . .      Faith    .   (no shield)
rNeg    . . .      Spirit   .   b - +0 robe
rPois   .          Reflect  .   (no helmet)
rElec   .          Harm     .   (no cloak)
rCorr   .          Rampage  .   (no gloves)
Will    .....                   (no boots)
Stlth   ++........              (no amulet)
HPRegen 0.00/turn               (no ring)
MPRegen 0.07/turn               (no ring)

@: no status effects
A: damage resistance, heal wounds, sense surroundings 1, no regeneration
a: Heal Wounds


You were on level 3 of the Dungeon.
You visited 1 branch of the dungeon, and saw 3 of its levels.

You collected 2 gold pieces.

Inventory:

Hand Weapons
 a - a +0 falchion (weapon)
Armour
 b - a +0 robe (worn)
Jewellery
 f - a ring of magical power
Scrolls
 c - 3 scrolls of teleportation {unknown}
 d - a scroll of torment {unknown}
 e - a scroll of fog {unknown}
 g - a scroll of immolation {unknown}


   Skills:
 + Level 3.0 Fighting
 - Level 3.3 Long Blades
 - Level 3.2 Dodging
 - Level 2.4 Stealth


You had one spell level left.
You didn't know any spells.
Your spell library was empty.

Dungeon Overview and Level Annotations

Branches:
Dungeon (3/15)

Altars:

Shops:
D:1 (   D:2 !


Innate Abilities, Weirdness & Mutations

You are resistant to damage.
You can heal yourself by infusing magical energy.
You passively map a small area around you.
You do not regenerate.


Message History

You are too injured to fight recklessly!
You are too injured to fight recklessly!
You are too injured to fight recklessly!
You are too injured to fight recklessly!
You are too injured to fight recklessly!
You are too injured to fight recklessly!
You are too injured to fight recklessly!
You hit the worm but do no damage. The ball python barely misses you.
The ball python grabs you. The ball python constricts you.
The ball python bites you. The ball python constricts you.
The ball python's grasp on you weakens, but your attempt to escape fails.
The worm bites you!
* * * LOW HITPOINT WARNING * * *
The ball python bites you but does no damage.
The ball python constricts you.
You escape the ball python's grasp.
The ball python bites you. The ball python grabs you.
The ball python constricts you.
You escape the ball python's grasp.
The kobold barely misses you.
There is a stone staircase leading down here.
The ball python misses you. The ball python grabs you.
You stop descending the stairs.
The ball python constricts you.
Unknown command.
Unknown command.
The ball python's grasp on you weakens, but your attempt to escape fails.
The ball python closely misses you. The ball python constricts you.
The kobold misses you. The ball python barely misses you.
The ball python constricts you.
Unknown command.
Unknown command.
Unknown command.
You escape the ball python's grasp.
The kobold hits you with a +0 dagger.
You climb downwards.
There is a stone staircase leading up here.
It was a potion of magic.
Magic courses through your body. The kobold completely misses you.
Your magical essence is drained by the effort!
You feel much better. The kobold hits you but does no damage.
Are you sure you want to abandon this character and quit the game? (Confirm with "yes".)

###
#@#
#K#
#S#
#.#
#.#
#.#
#.#
#.#


You could see a ball python and a kobold.

Vanquished Creatures
  A ball python (D:1)
  2 giant cockroaches
  A hobgoblin (D:1)
  A kobold (D:2)
  A quokka (D:1)
  A frilled lizard (D:2)
  3 rats
10 creatures vanquished.

Notes
Turn   | Place    | Note
-------+----------+-------------------------------------------
     0 | D:1      | spaghetti the Deep Dwarf Monk began the quest for the Orb.
     0 | D:1      | Reached XP level 1. HP: 20/20 MP: 1/1
   109 | D:1      | Found Kozaet's Antique Weapon Boutique.
   234 | D:2      | Reached XP level 2. HP: 20/27 MP: 2/2
   265 | D:2      | Found a faded altar of an unknown god.
   299 | D:2      | Found Osaaschan's Distillery.
   409 | D:3      | Quit the game

Illustrated notes

Levels and vault maps discovered:
D:1:      dpeg_arrival_subterranean_lakeside_camping, layout_basic,
          serial_shops, shop
D:2:      minmay_door_path, layout_basic, shapermc_ecumenical_altar_ellora,
          serial_shops, nicolae_shop_waterfront, minivault_26,
          lemuel_another_geyser
D:3:      layout_basic, minivault_19

Skill      XL: |  1  2 |
---------------+-------+-----
Fighting       | 3 |  3.0
Long Blades    | |  3.3
Dodging        | |  3.2
Stealth        | |  2.4

Action                   || total
-------------------------++-------
Melee: Falchion          ||    22
 Abil: Heal Wounds       ||     1
  Use: Potion            ||     1
 Stab: Sleeping          ||     2
Armor: Robe              ||     6
Dodge: Dodged            ||    18
